 Dungeon Crawl Stone Soup version 0.16-a0-44-gd96af6c (webtiles) character file.

214 krech the Firebug (level 5, -4/32 HPs)
             Began as a High Elf Fire Elementalist on Aug 5, 2014.
             Killed themself with a badly aimed fireball (7 damage)
             ... on Level 4 of the Dungeon.
             The game lasted 00:30:03 (4075 turns).

krech the Firebug (High Elf Fire Elementalist)      Turns: 4075, Time: 00:30:06

HP  -4/32        AC  6     Str  7      XL: 5   Next: 59%
MP   3/14        EV 11     Int 19      God:
Gold 91          SH  0     Dex 16      Spells:  3 memorised,  2 levels left

rFire  . . .     SeeInvis .     c - +0 falchion
rCold  . . .     Rnd*Rage +     s - +0 leather armour
rNeg   + . .     rCorr    .     (no shield)
rPois  .         rRot     .     (no helmet)
rElec  .         Spirit   .     (no cloak)
SustAb .         Warding  +     (no gloves)
rMut   .         Stasis   .     r - +0 pair of boots
Gourm  .                        j - amulet of warding
MR     .....                    (no ring)
                                (no ring)

@: very slightly contaminated, hasted, very quick, not resistant to hostile
enchantments, unstealthy
A: yellow scales 1, berserk 1, forlorn
a: no special abilities


You were on level 4 of the Dungeon.
You were hungry.

You visited 1 branch of the dungeon, and saw 4 of its levels.

You collected 91 gold pieces.

Inventory:

Hand weapons
 a - a +0 trident
 c - a +0 falchion (weapon)
Missiles
 f - 19 sling bullets
 g - 21 stones (quivered)
Armour
 r - a +0 pair of boots (worn)
 s - a +0 leather armour (worn)
Magical devices
 m - a wand of paralysis (1)
 p - a wand of random effects (4)
Comestibles
 l - a slice of pizza
 o - a beef jerky
Scrolls
 d - a scroll of noise
 k - a scroll of amnesia
Jewellery
 j - an amulet of warding (around neck)
Books
 b - a book of Flames

   Spells                             Type                      Level
   *Flame Tongue                      Conjuration/Fire             1
   Throw Flame                        Conjuration/Fire             2
   *Conjure Flame                     Conjuration/Fire             3
   Inner Flame                        Hexes/Fire                   3
   Sticky Flame                       Conjuration/Fire             4
   *Fireball                          Conjuration/Fire             5


   Skills:
 + Level 0.4 Fighting
 + Level 1.3 Armour
 + Level 3.1 Dodging
 + Level 2.5 Stealth
 + Level 3.6 Spellcasting
 + Level 2.6 Conjurations
 + Level 4.1 Fire Magic
 + Level 0.2 Evocations


You had 2 spell levels left.
You knew the following spells:

 Your Spells              Type           Power        Failure   Level  Hunger
a - Flame Tongue          Conj/Fire      ###..        4%          1    None
b - Conjure Flame         Conj/Fire      ###.....     12%         3    ###....
c - Fireball              Conj/Fire      ###.......   91%         5    #####..


Dungeon Overview and Level Annotations

Branches:
Dungeon (4/15)
 Temple: D:4-7

Altars:


Innate Abilities, Weirdness & Mutations

You are partially covered in yellow scales (AC +2).
You tend to lose your temper in combat.
You have difficulty communicating with the divine.


Message History

You kill the orc!
The fireball engulfs the orc wizard.
The orc wizard is almost dead.
The fireball engulfs you!
Ouch! That really hurt!
* * * LOW HITPOINT WARNING * * *
You are feeling hungry.
The orc wizard barely misses you. x2
That item cannot be evoked!
Evoke which item? (* to show all) (? for menu, Esc to quit)
Zapping:
p - a wand of random effects {zapped: 1}
Press: ? - help, Shift-Dir - straight line, f - orc wizard
Aim: an orc wizard, wielding a dagger and wearing a robe (heavily wounded)
The fireball explodes!
The fireball engulfs the orc wizard.
You kill the orc wizard!
Your Dodging skill increases to level 3!
The fireball engulfs the orc wizard.
You kill the orc wizard!
The fireball engulfs you!
You die...

. . .. #..#.
.#..#. .......
....#.###
#......# #)#o#
#)@.# ##### ###
#.# #.# ...
#.#########....


You could see an orc.

Vanquished Creatures
  3 orc wizards
  4 gnolls (D:2)
  3 adders
  2 worms (D:2)
  3 giant geckos
  7 orcs
  2 giant cockroaches
  3 hobgoblins
  6 jackals (D:2)
  2 quokkas
  8 bats
  5 giant newts
  7 goblins
  6 kobolds
  2 rats
63 creatures vanquished.

Notes
Turn   | Place    | Note
--------------------------------------------------------------
     0 | D:1      | krech, the High Elf Fire Elementalist, began the quest for the Orb.
     0 | D:1      | Reached XP level 1. HP: 11/11 MP: 4/4
  1184 | D:1      | Reached XP level 2. HP: 17/17 MP: 1/6
  1888 | D:2      | Reached XP level 3. HP: 21/21 MP: 4/8
  2124 | D:2      | Learned a level 3 spell: Conjure Flame
  2504 | D:2      | Reached XP level 4. HP: 23/27 MP: 2/12
  2710 | D:2      | Reached skill level 4 in Fire Magic
  2844 | D:2      | You fall through a shaft!
  3644 | D:3      | Reached XP level 5. HP: 28/31 MP: 4/14
  3648 | D:3      | Reached skill level 1 in Armour
  3849 | D:3      | Learned a level 5 spell: Fireball
  4070 | D:4      | Gained mutation: You have difficulty communicating with the divine. [potion of mutation]
  4070 | D:4      | Gained mutation: You are partially covered in yellow scales (AC +2). [potion of mutation]
  4070 | D:4      | Gained mutation: You tend to lose your temper in combat. [potion of mutation]
  4075 | D:4      | Killed themself with a badly aimed fireball

Action                   |  1- 3 |  4- 6 || total
-------------------------+-------+-------++-------
Melee: Club              |     9 |       ||     9
       Dagger            |    32 |     3 ||    35
       Falchion          |       |     5 ||     5
 Cast: Flame Tongue      |    54 |    65 ||   119
       Conjure Flame     |     3 |     2 ||     5
       Fireball          |       |     1 ||     1
Evoke: Wand              |       |     3 ||     3
  Use: Potion            |     3 |     3 ||     6
       Scroll            |     1 |     4 ||     5
  Eat: Bread ration      |     1 |     1 ||     2
       Chunk             |       |     1 ||     1
